 Dungeon Crawl Stone Soup version 0.32-a0-314-g526f7d4993 (webtiles) character file.

Game seed: 7088168411749797429

134 PriceMaster the Conjurer (level 4, -1/21 HPs)
             Began as a Spriggan Conjurer on Feb 15, 2024.
             Slain by Crazy Yiuf
             ... wielding a +2 quarterstaff of chaos
              (7 damage)
             ... on level 2 of the Dungeon.
             The game lasted 00:03:19 (2074 turns).

PriceMaster the Conjurer (Spriggan Conjurer)        Turns: 2074, Time: 00:03:21

Health: -1/21      AC:  2    Str:  3    XL:     4   Next: 95%
Magic:  7/10       EV: 17    Int: 21    God:
Gold:   67         SH:  0    Dex: 13    Spells: 7/10 levels left

rFire   . . .        i - +2 dagger (freeze)
rCold   . . .        e - orb {*Rage}
rNeg    . . .        a - +0 robe
rPois   .            (helmet restricted)
rElec   .            (no cloak)
rCorr   .            (gloves unavailable)
SInv    +            (boots unavailable)
Will    .....        (no amulet)
Stlth   ++           (no ring)
HPRegen 0.23/turn    (no ring)
MPRegen 0.12/turn

%: random rage (20%)
@: very quick
A: very small, no large weapons, unfitting armour, see invisible, speed 3
a: no special abilities


You were on level 2 of the Dungeon.
You visited 1 branch of the dungeon, and saw 2 of its levels.

You collected 67 gold pieces.

Inventory:

Hand Weapons
 i - a +2 dagger of freezing (weapon)
Armour
 a - a +0 robe (worn)
 e - an orb of wrath (worn)
Wands
 m - a wand of flame (3)
Scrolls
 d - a scroll of acquirement {unknown}
 f - a scroll of fear {unknown}
 g - a scroll of silence {unknown}
 h - 2 scrolls of identify {unknown}
 k - 2 scrolls of amnesia {unknown}
 n - a scroll of teleportation {unknown}
Potions
 b - a potion of magic
 c - 2 potions of curing
 j - a potion of ambrosia {unknown}
 l - a potion of mutation {unknown}


   Skills:
 + Level 0.2 Fighting
 + Level 1.2 Short Blades
 + Level 3.1 Dodging
 + Level 3.6 Stealth
 + Level 3.5 Spellcasting
 + Level 4.0 Conjurations


You had 7 spell levels left.
You knew the following spells:

 Your Spells              Type           Power      Damage    Failure   Level
a - Magic Dart            Conj           80%        1d7       2%          1
b - Searing Ray           Conj           40%        2d5       3%          2

Your spell library contained the following spells:

 Spells                   Type           Power      Damage    Failure   Level
 Fulminant Prism          Conj/Alch      6%         3d7       47%         4
 Iskenderun's Mystic Bla  Conj/Tloc      12%        2d5       47%         4


Dungeon Overview and Level Annotations

Branches:
Dungeon (2/15)

Altars:

Shops:
D:1 =

Annotations:
D:2 Crazy Yiuf


Innate Abilities, Weirdness & Mutations

You are very small and have problems with some larger weapons.
You are too small for most types of armour.
You have supernaturally acute eyesight. (SInv)
You cover ground extremely quickly. (Speed+++)


Message History

a +0 club; a +0 robe; a ball python corpse You can't see any susceptible monsters within range! (Use Z to cast anyway.)
n - a scroll labelled NOIZXO IPROLO
Okay, then.
A goblin and a rat come into view.
There are monsters nearby!
There are monsters nearby!
Aiming: Throw Flame
Press: ? - help, Shift-Dir - straight line, f - rat
Aim: a rat (asleep, 100% to hit)
The puff of flame hits the rat.
You kill the rat!
Aiming: Throw Flame
Press: ? - help, Shift-Dir - straight line, f - goblin
Aim: a goblin, wielding a +0 dagger (asleep, 100% to hit)
The puff of flame hits the goblin!
You kill the goblin!
Found a robe.
c - 2 potions of curing (gained 1)
Things that are here:
a +0 club; a +0 robe; a ball python corpse Could not explore, unopened runed door.
You open the door.
Crazy Yiuf shouts!
Casting: Magic Dart (safe; 2% risk of failure)
Confirm with . or Enter, or press ? or * to list all spells.
Aiming: Searing Ray (safe; 3% risk of failure)
Press: ? - help, Shift-Dir - straight line, f - Crazy Yiuf
Aim: Crazy Yiuf, wielding a +2 quarterstaff of chaos and wearing a +0 cloak (81% to hit)
The searing ray hits Crazy Yiuf.
Crazy Yiuf is moderately wounded. (Press . to maintain the ray.) Crazy Yiuf glowers.
The searing ray hits Crazy Yiuf.
Crazy Yiuf is heavily wounded.
Crazy Yiuf hits you with a +2 quarterstaff of chaos!
Ouch! That really hurt!
* * * LOW HITPOINT WARNING * * *
Crazy Yiuf freezes you!
You die...

######....## ##.## #.#.##
##.## ####.#.# #...#
##....#.# ##...#
#÷.##...####...##
##.##......######
.......##### ..##...#
###♣♣♣♣♣ ......)#
##....♣@♣♣♣ ###
####...###......♣g.♣#...#
# #....#......♣♣♣♣.'...#
# #..#...)...♣♣ ♣♣#..)#
#..##..###♣♣ ###
##..##..# ##..###.##
##...###.## #..#......##


You could see Crazy Yiuf.

Vanquished Creatures
  Jessica (D:2)
  Robin (D:2)
  2 adders (D:2)
  An orc (D:2)
  2 bats (D:1)
  2 endoplasms
  A giant cockroach (D:1)
  10 goblins
  7 hobgoblins
  3 quokkas
  4 ball pythons
  3 frilled lizards (D:1)
  A kobold (D:1)
  7 rats
45 creatures vanquished.

Notes
Turn   | Place    | Note
-------+----------+-------------------------------------------
     0 | D:1      | PriceMaster the Spriggan Conjurer began the quest for the
                  | Orb.
     0 | D:1      | Reached XP level 1. HP: 9/9 MP: 5/5
    30 | D:1      | Reached skill level 3 in Conjurations
   197 | D:1      | Reached XP level 2. HP: 13/13 MP: 3/6
   206 | D:1      | Learned a level 2 spell: Searing Ray
   935 | D:1      | Found Damoan's Jewellery Boutique.
   946 | D:1      | Reached XP level 3. HP: 16/16 MP: 5/8
  1471 | D:2      | Found a runed translucent door.
  1472 | D:2      | Noticed Crazy Yiuf
  1523 | D:2      | Noticed Robin
  1547 | D:2      | Killed Robin
  1548 | D:2      | Reached XP level 4. HP: 18/21 MP: 2/9
  1768 | D:2      | Reached skill level 1 in Short Blades
  1891 | D:2      | Noticed Jessica
  1894 | D:2      | Killed Jessica
  1895 | D:2      | Reached skill level 4 in Conjurations
  2074 | D:2      | Slain by Crazy Yiuf

Illustrated notes

Levels and vault maps discovered:
D:1:      matt_arrival_grand_opening, layout_basic, serial_shops,
          nicolae_shop_gaudy_bauble, minmay_pentomino_t2
D:2:      layout_rooms, nicolae_elevator_lobby_plus, uniq_robin, uniq_jessica,
          uniq_crazy_yiuf_cottage

Skill      XL: |  1  2  3  4 |
---------------+-------------+-----
Conjurations   | 3 4 |  4.0
Dodging        | 3 |  3.1
Spellcasting   | 3 |  3.5
Short Blades   | 1 |  1.2
Fighting       | |  0.2
Stealth        | |  3.6

Action                     |  1- 3 |  4- 6 || total
---------------------------+-------+-------++-------
  Melee: Dagger            |    19 |     9 ||    28
   Cast: Magic Dart        |    43 |    18 ||    61
         Searing Ray       |       |     2 ||     2
  Evoke: Wand              |       |     2 ||     2
    Use: Potion            |     2 |       ||     2
   Stab: Distracted        |     1 |       ||     1
         Sleeping          |     1 |       ||     1
 Armour: Robe              |     9 |     3 ||    12
  Dodge: Dodged            |    12 |       ||    12

Table legend: (Time is in decaauts)
 A = Elapsed time spent in this place.
 B = Non-inter-level travel time spent in this place.
 C = Inter-level travel time spent in this place.
 D = Time resting spent in this place.
 E = Time spent auto-exploring this place.
 F = Levels seen in this place.
 G = Mean time per level.
                   A        B        C        D        E       F      G
               +--------+--------+--------+--------+--------+-----+--------+
         Total |   1586 |   1572 |     14 |    138 |   1250 |   2 |  793.0 |
       Dungeon |   1586 |   1572 |     14 |    138 |   1250 |   2 |  793.0 |
               +--------+--------+--------+--------+--------+-----+--------+

Top non-repeatable levels by time:
     D:2: 799 daAuts
     D:1: 787 daAuts
